Predators vs Capitals

Created - November 7 2007 at 18:33

Goals
1 2 3 T
Predators 0 1 1 2
Capitals 0 1 2 3
Shots
1 2 3 T
Predators 8 6 4 18
Capitals 6 8 14 28

Period #1

No Goal

Penalities :
Tomas Kaberle (NSH) for High sticking (Minor) at 0:36, Alexander Ovechkin (WSH) for Roughing (Minor) at 5:53, Dainius Zubrus (WSH) for Holding (Minor) at 15:39, Tomas Kaberle (NSH) for Slashing (Minor) at 15:39, Todd Bertuzzi (NSH) for Elbowing (Minor) at 19:21

Period #2

1. Predators , Alexandre Burrows 1 (Steve Sullivan, Patrick Sharp) at 17:08 (PP)
2. Capitals , Ben Clymer 2 (Chris Clark, Adrian Aucoin) at 19:11 (PP)

Penalities :
Derek Morris (NSH) for Hooking (Minor) at 0:17, Brian Pothier (WSH) for Cross-checking (Minor) at 3:31, Shea Weber (NSH) for Roughing (Minor) at 7:53, Zbynek Michalek (NSH) for Hooking (Minor) at 9:49, Patrick Sharp (NSH) for Holding (Minor) at 12:16, Alexander Ovechkin (WSH) for Tripping (Minor) at 15:46, Patrick Sharp (NSH) for Boarding (Minor) at 18:47

Period #3

3. Capitals , Kris Beech 4 (Trent Hunter, Alexander Ovechkin) at 11:17
4. Predators , David Legwand 5 (Scott Hartnell, Paul Kariya) at 13:06 (PP)
5. Capitals , Alexander Ovechkin 9 (Chris Clark, Shaone Morrisonn) at 14:17

Penalities :
Alexandre Burrows (NSH) for Roughing (Minor) at 1:33, Marek Zidlicky (NSH) for Slashing (Minor) at 2:40, Matt Pettinger (WSH) for Holding (Minor) at 11:49, Brad Boyes (NSH) for High sticking (Minor) at 15:12

Goalie Stats

Chris Mason (NSH), 25 saves from 28 shots - (0.893), L, 1-3-0, 59:03 minutes
Olaf Kolzig (WSH), 16 saves from 18 shots - (0.889), W, 2-0-0, 60:00 minutes

Players Stats

Predators
Player Name              G  A  P  +/- PIM S  H  SB FO MP 
-----------------------------------------------------------
Alexandre Burrows        1  0  1  -1  2   1  0  0  0  11 
Brad Boyes               0  0  0   0  2   0  1  0  0  14 
David Legwand            1  0  1  -1  0   2  0  0  17 15 
Derek Morris             0  0  0   0  2   1  0  0  0  22 
Jeff Carter              0  0  0   0  0   1  2  2  24 20 
Marek Zidlicky           0  0  0   0  2   0  2  0  0  21 
Martin Erat              0  0  0   0  0   0  2  0  1  13 
Patrick Sharp            0  1  1   0  4   3  3  0  15 13 
Paul Kariya              0  1  1  -1  0   4  0  0  1  14 
Ryan Suter               0  0  0   0  0   0  0  0  0  14 
Scott Hartnell           0  1  1  -1  0   1  1  0  3  19 
Scottie Upshall          0  0  0  -1  0   0  0  0  1  15 
Shea Weber               0  0  0  -2  2   3  3  0  0  23 
Steve Sullivan           0  1  1   0  0   1  1  0  1  11 
Todd Bertuzzi            0  0  0   0  2   1  0  0  1  15 
Tomas Kaberle            0  0  0  -2  4   0  1  0  0  23 
Vernon Fiddler           0  0  0  -1  0   0  0  0  12 14 
Zbynek Michalek          0  0  0   0  2   0  1  2  0  19 
Capitals
Player Name              G  A  P  +/- PIM S  H  SB FO MP 
-----------------------------------------------------------
Adrian Aucoin            0  1  1   0  0   0  1  1  0  20 
Alexander Ovechkin       1  1  2   2  4   4  1  0  1  20 
Alexander Semin          0  0  0   0  0   1  0  0  0  12 
Ben Clymer               1  0  1   1  0   1  1  0  0  20 
Brian Pothier            0  0  0   1  2   1  1  1  0  25 
Brian Sutherby           0  0  0   0  0   0  0  0  16 14 
Bryan Muir               0  0  0   1  0   0  0  0  0  22 
Chris Clark              0  2  2   1  0   4  2  0  1  21 
Dainius Zubrus           0  0  0   0  2   1  2  0  7  13 
David Vyborny            0  0  0   1  0   3  1  0  27 21 
Jeff Schultz             0  0  0   0  0   0  1  0  0  20 
Kris Beech               1  0  1   1  0   4  1  0  11 12 
Matt Cooke               0  0  0   0  0   1  1  0  0  9  
Matt Pettinger           0  0  0   0  2   3  2  0  3  17 
Richard Zednik           0  0  0   0  0   1  0  0  1  9  
Ryane Clowe              0  0  0   0  0   2  1  0  2  16 
Shaone Morrisonn         0  1  1   1  0   0  0  2  0  19 
Trent Hunter             0  1  1   1  0   2  7  0  7  21 

3 Stars

1 - Alexander Ovechkin (WSH)
2 - Trent Hunter (WSH)
3 - Chris Clark (WSH)

Power Play

Predators - 2 on 4 Attempt(s) - 50.00%
Capitals - 1 on 10 Attempt(s) - 10.00%

Penalty Kill

Predators - 9 on 10 Attempt(s) - 90.00% - Score 0 goal in Penalty Kill
Capitals - 2 on 4 Attempt(s) - 50.00% - Score 0 goal in Penalty Kill

Game Notes

Richard Zednik is injured at 7:30 of 2nd period (Shoulder)

Finance

Level 1 -- Attendance: 3986 (61.32%) -- Ticket Income $398,600.00
Level 2 -- Attendance: 3195 (58.09%) -- Ticket Income $191,700.00
Level 3 -- Attendance: 1789 (71.55%) -- Ticket Income $62,615.00
Level 4 -- Attendance: 3817 (84.81%) -- Ticket Income $76,340.00
Luxury Box -- Attendance: 830 (83.00%) -- Ticket Income $166,000.00
Game was played at the MCI Center
Total Attendance: 13617 (68.09%)
Total Ticket Income: $935,204.90
Other Income: $123,616.20
Total Income: $1,058,821.00


Play by Play

Period #1

0:01 of 1st period - Scott Hartnell wins face-off versus David Vyborny in neutral zone.
0:36 of 1st period - Minor Penalty to Tomas Kaberle for High sticking.
0:37 of 1st period - David Vyborny wins face-off versus Jeff Carter in Predators zone.
1:46 of 1st period - Shot by Richard Zednik.
1:46 of 1st period - Stopped by Chris Mason with a rebound.
1:50 of 1st period - Shot by Richard Zednik.
1:50 of 1st period - Shot Misses the Net.
2:16 of 1st period - Shot by Trent Hunter.
2:16 of 1st period - Shot Blocked by Jeff Carter.
2:46 of 1st period - Shot by Dainius Zubrus.
2:46 of 1st period - Shot Misses the Net.
4:04 of 1st period - Icing by Vernon Fiddler.
4:05 of 1st period - Brian Sutherby wins face-off versus Vernon Fiddler in Predators zone.
4:21 of 1st period - Icing by Ryane Clowe.
4:22 of 1st period - Patrick Sharp wins face-off versus Brian Sutherby in Capitals zone.
4:29 of 1st period - Shot by Brad Boyes.
4:29 of 1st period - Shot Misses the Net.
4:31 of 1st period - Shot by Patrick Sharp.
4:31 of 1st period - Stopped by Olaf Kolzig without a rebound.
4:32 of 1st period - Dainius Zubrus wins face-off versus Patrick Sharp in Capitals zone.
4:42 of 1st period - Off-side.
4:43 of 1st period - Jeff Carter wins face-off versus Kris Beech in neutral zone.
5:12 of 1st period - Shot by Kris Beech.
5:12 of 1st period - Shot Misses the Net.
5:42 of 1st period - Shot by Patrick Sharp.
5:42 of 1st period - Shot Misses the Net.
5:44 of 1st period - Shot by Steve Sullivan.
5:44 of 1st period - Shot Blocked by Adrian Aucoin.
5:46 of 1st period - Shot by Patrick Sharp.
5:46 of 1st period - Stopped by Olaf Kolzig without a rebound.
5:47 of 1st period - David Vyborny wins face-off versus David Legwand in Capitals zone.
5:52 of 1st period - Shea Weber is hit by Chris Clark and loses puck.
5:53 of 1st period - Minor Penalty to Alexander Ovechkin for Roughing.
5:54 of 1st period - Brian Sutherby wins face-off versus David Legwand in Predators zone.
6:00 of 1st period - Icing by Tomas Kaberle.
6:01 of 1st period - David Legwand wins face-off versus Brian Sutherby in Predators zone.
6:10 of 1st period - Shot by Shea Weber.
6:10 of 1st period - Shot Misses the Net.
8:04 of 1st period - Alexander Ovechkin is hit by Jeff Carter and loses puck.
9:06 of 1st period - Alexander Semin is hit by Tomas Kaberle and loses puck.
10:36 of 1st period - Shot by Patrick Sharp.
10:36 of 1st period - Shot Blocked by Shaone Morrisonn.
10:38 of 1st period - Shot by Steve Sullivan.
10:38 of 1st period - Stopped by Olaf Kolzig without a rebound.
10:39 of 1st period - David Vyborny wins face-off versus Jeff Carter in Capitals zone.
10:43 of 1st period - Alexander Ovechkin is hit by Zbynek Michalek and loses puck.
10:50 of 1st period - Shot by Chris Clark.
10:50 of 1st period - Stopped by Chris Mason with a rebound.
10:52 of 1st period - Shot by Chris Clark.
10:52 of 1st period - Shot Misses the Net.
10:57 of 1st period - Icing by Martin Erat.
10:58 of 1st period - Kris Beech wins face-off versus Jeff Carter in Predators zone.
11:13 of 1st period - Shot by Kris Beech.
11:13 of 1st period - Stopped by Chris Mason with a rebound.
11:19 of 1st period - Shot by Ryan Suter.
11:19 of 1st period - Shot Misses the Net.
11:39 of 1st period - Shot by Patrick Sharp.
11:39 of 1st period - Shot Misses the Net.
11:41 of 1st period - Shot by Derek Morris.
11:41 of 1st period - Stopped by Olaf Kolzig without a rebound.
11:42 of 1st period - Dainius Zubrus wins face-off versus Scott Hartnell in Capitals zone.
11:42 of 1st period - Alexander Semin is hit by Scott Hartnell and loses puck.
11:47 of 1st period - Shot by Paul Kariya.
11:47 of 1st period - Stopped by Olaf Kolzig without a rebound.
11:48 of 1st period - Patrick Sharp wins face-off versus Richard Zednik in Capitals zone.
11:57 of 1st period - Steve Sullivan is hit by Trent Hunter and loses puck.
12:03 of 1st period - Icing by Patrick Sharp.
12:04 of 1st period - Steve Sullivan wins face-off versus David Vyborny in Predators zone.
12:04 of 1st period - Steve Sullivan is hit by Chris Clark.
13:18 of 1st period - Paul Kariya is hit by Ben Clymer and loses puck.
13:23 of 1st period - Shot by Shea Weber.
13:23 of 1st period - Stopped by Olaf Kolzig without a rebound.
13:24 of 1st period - Jeff Carter wins face-off versus Brian Sutherby in Capitals zone.
14:16 of 1st period - Off-side.
14:17 of 1st period - David Legwand wins face-off versus David Vyborny in neutral zone.
15:39 of 1st period - Minor Penalty to Dainius Zubrus for Holding.
15:39 of 1st period - Minor Penalty to Tomas Kaberle for Slashing.
15:40 of 1st period - David Vyborny wins face-off versus Jeff Carter in Predators zone.
15:57 of 1st period - Shot by David Vyborny.
15:57 of 1st period - Stopped by Chris Mason without a rebound.
15:58 of 1st period - David Vyborny wins face-off versus Jeff Carter in Predators zone.
17:22 of 1st period - Icing by Derek Morris.
17:23 of 1st period - Jeff Carter wins face-off versus Trent Hunter in Predators zone.
17:25 of 1st period - Icing by Marek Zidlicky.
17:26 of 1st period - Jeff Carter wins face-off versus David Vyborny in Predators zone.
18:10 of 1st period - Shot by Trent Hunter.
18:10 of 1st period - Stopped by Chris Mason without a rebound.
18:11 of 1st period - David Legwand wins face-off versus Kris Beech in Predators zone.
18:11 of 1st period - David Legwand is hit by Matt Cooke.
18:28 of 1st period - Shot by David Legwand.
18:28 of 1st period - Stopped by Olaf Kolzig without a rebound.
18:29 of 1st period - David Vyborny wins face-off versus Patrick Sharp in Capitals zone.
18:42 of 1st period - Shot by Chris Clark.
18:42 of 1st period - Stopped by Chris Mason without a rebound.
18:43 of 1st period - Dainius Zubrus wins face-off versus David Legwand in Predators zone.
18:56 of 1st period - Shot by Paul Kariya.
18:56 of 1st period - Stopped by Olaf Kolzig without a rebound.
18:57 of 1st period - Brian Sutherby wins face-off versus Paul Kariya in Capitals zone.
18:57 of 1st period - Brian Sutherby is hit by Martin Erat.
19:07 of 1st period - Shot by Ryane Clowe.
19:07 of 1st period - Shot Misses the Net.
19:20 of 1st period - Brian Sutherby is hit by Martin Erat and loses puck.
19:21 of 1st period - Minor Penalty to Todd Bertuzzi for Elbowing.
19:22 of 1st period - Vernon Fiddler wins face-off versus David Vyborny in Predators zone.

Period #2

0:01 of 2nd period - Vernon Fiddler wins face-off versus David Vyborny in neutral zone.
0:17 of 2nd period - Minor Penalty to Derek Morris for Hooking.
0:18 of 2nd period - Vernon Fiddler wins face-off versus Ryane Clowe in Predators zone.
1:36 of 2nd period - Matt Pettinger is hit by Jeff Carter and loses puck.
1:41 of 2nd period - Shot by Alexander Ovechkin.
1:41 of 2nd period - Deflect By Matt Pettinger.
1:41 of 2nd period - Shot Blocked by Zbynek Michalek.
2:20 of 2nd period - Shot by Ryane Clowe.
2:20 of 2nd period - Stopped by Chris Mason with a rebound.
2:27 of 2nd period - Adrian Aucoin is hit by Patrick Sharp and loses puck.
2:36 of 2nd period - Adrian Aucoin is hit by Brad Boyes and loses puck.
2:44 of 2nd period - Steve Sullivan is hit by Trent Hunter and loses puck.
2:56 of 2nd period - Steve Sullivan is hit by Trent Hunter and loses puck.
3:25 of 2nd period - Shot by Jeff Carter.
3:25 of 2nd period - Shot Misses the Net.
3:30 of 2nd period - Todd Bertuzzi is hit by Brian Pothier and loses puck.
3:31 of 2nd period - Minor Penalty to Brian Pothier for Cross-checking.
3:32 of 2nd period - David Legwand wins face-off versus Brian Sutherby in Capitals zone.
4:01 of 2nd period - Paul Kariya is hit by Trent Hunter and loses puck.
4:32 of 2nd period - Shot by Marek Zidlicky.
4:32 of 2nd period - Shot Misses the Net.
5:07 of 2nd period - Scott Hartnell is hit by Matt Pettinger and loses puck.
5:14 of 2nd period - Shot by David Legwand.
5:14 of 2nd period - Shot Blocked by Shaone Morrisonn.
5:16 of 2nd period - Shot by Shea Weber.
5:16 of 2nd period - Stopped by Olaf Kolzig without a rebound.
5:17 of 2nd period - Patrick Sharp wins face-off versus Brian Sutherby in Capitals zone.
5:36 of 2nd period - Shot by Todd Bertuzzi.
5:36 of 2nd period - Stopped by Olaf Kolzig with a rebound.
5:40 of 2nd period - Shot by Jeff Carter.
5:40 of 2nd period - Shot Blocked by Brian Pothier.
5:50 of 2nd period - Shot by Martin Erat.
5:50 of 2nd period - Shot Misses the Net.
5:58 of 2nd period - Shot by Jeff Carter.
5:58 of 2nd period - Stopped by Olaf Kolzig without a rebound.
5:59 of 2nd period - Vernon Fiddler wins face-off versus Kris Beech in Capitals zone.
6:08 of 2nd period - Shot by Matt Pettinger.
6:08 of 2nd period - Stopped by Chris Mason without a rebound.
6:09 of 2nd period - David Vyborny wins face-off versus Jeff Carter in Predators zone.
6:53 of 2nd period - Icing by Ryan Suter.
6:54 of 2nd period - Jeff Carter wins face-off versus Dainius Zubrus in Predators zone.
6:54 of 2nd period - Jeff Carter is hit by Dainius Zubrus.
7:29 of 2nd period - Richard Zednik is hit by Marek Zidlicky and loses puck.
7:30 of 2nd period - Richard Zednik from Capitals is injured at 7:30 of 2nd period (Shoulder).
7:31 of 2nd period - Kris Beech wins face-off versus David Legwand in Predators zone.
7:53 of 2nd period - Minor Penalty to Shea Weber for Roughing.
7:54 of 2nd period - David Vyborny wins face-off versus Vernon Fiddler in Capitals zone.
7:58 of 2nd period - Off-side.
7:59 of 2nd period - Vernon Fiddler wins face-off versus David Vyborny in neutral zone.
9:49 of 2nd period - Minor Penalty to Zbynek Michalek for Hooking.
9:50 of 2nd period - Patrick Sharp wins face-off versus Matt Pettinger in Predators zone.
10:43 of 2nd period - Shot by Kris Beech.
10:43 of 2nd period - Stopped by Chris Mason without a rebound.
10:44 of 2nd period - David Legwand wins face-off versus David Vyborny in Predators zone.
10:44 of 2nd period - David Legwand is hit by David Vyborny.
11:02 of 2nd period - Shot by Chris Clark.
11:02 of 2nd period - Shot Misses the Net.
11:04 of 2nd period - Shot by David Vyborny.
11:04 of 2nd period - Stopped by Chris Mason with a rebound.
11:44 of 2nd period - Shot by Alexander Ovechkin.
11:44 of 2nd period - Stopped by Chris Mason with a rebound.
11:46 of 2nd period - Shot by Trent Hunter.
11:46 of 2nd period - Shot Misses the Net.
12:10 of 2nd period - Bryan Muir is hit by Patrick Sharp and loses puck.
12:16 of 2nd period - Minor Penalty to Patrick Sharp for Holding.
12:17 of 2nd period - David Vyborny wins face-off versus Jeff Carter in Predators zone.
14:17 of 2nd period - Shot by Alexander Semin.
14:17 of 2nd period - Deflect By Dainius Zubrus.
14:17 of 2nd period - Stopped by Chris Mason without a rebound.
14:18 of 2nd period - Dainius Zubrus wins face-off versus Jeff Carter in Predators zone.
14:19 of 2nd period - Shot by Alexander Semin.
14:19 of 2nd period - Shot Blocked by Zbynek Michalek.
14:44 of 2nd period - Jeff Carter is hit by Trent Hunter and loses puck.
15:20 of 2nd period - Brad Boyes is hit by Jeff Schultz and loses puck.
15:46 of 2nd period - Shot by Shea Weber.
15:46 of 2nd period - Stopped by Olaf Kolzig without a rebound.
15:46 of 2nd period - Minor Penalty to Alexander Ovechkin for Tripping.
15:47 of 2nd period - David Legwand wins face-off versus Brian Sutherby in Capitals zone.
16:48 of 2nd period - Shot by Patrick Sharp.
16:48 of 2nd period - Stopped by Olaf Kolzig without a rebound.
16:49 of 2nd period - Brian Sutherby wins face-off versus Patrick Sharp in Capitals zone.
17:08 of 2nd period - Shot by Alexandre Burrows.
17:08 of 2nd period - Goal by Alexandre Burrows - Predators : 1 - Capitals : 0.
17:09 of 2nd period - Jeff Carter wins face-off versus David Vyborny in neutral zone.
18:09 of 2nd period - Shot by Brian Sutherby.
18:09 of 2nd period - Shot Misses the Net.
18:45 of 2nd period - Icing by Bryan Muir.
18:46 of 2nd period - Kris Beech wins face-off versus Patrick Sharp in Capitals zone.
18:46 of 2nd period - Brian Pothier is hit by Steve Sullivan and loses puck.
18:47 of 2nd period - Minor Penalty to Patrick Sharp for Boarding.
18:48 of 2nd period - Jeff Carter wins face-off versus Ryane Clowe in Capitals zone.
19:09 of 2nd period - Shot by Chris Clark.
19:09 of 2nd period - Stopped by Chris Mason with a rebound.
19:11 of 2nd period - Shot by Ben Clymer.
19:11 of 2nd period - Goal by Ben Clymer - Predators : 1 - Capitals : 1.
19:12 of 2nd period - Patrick Sharp wins face-off versus Matt Pettinger in neutral zone.
19:47 of 2nd period - Icing by Bryan Muir.
19:48 of 2nd period - Kris Beech wins face-off versus David Legwand in Capitals zone.

Period #3

0:01 of 3rd period - Martin Erat wins face-off versus Brian Sutherby in neutral zone.
0:01 of 3rd period - Martin Erat is hit by Ryane Clowe.
0:06 of 3rd period - Jeff Carter is hit by Adrian Aucoin and loses puck.
1:04 of 3rd period - Shot by Matt Pettinger.
1:04 of 3rd period - Stopped by Chris Mason without a rebound.
1:05 of 3rd period - Vernon Fiddler wins face-off versus David Vyborny in Predators zone.
1:33 of 3rd period - Minor Penalty to Alexandre Burrows for Roughing.
1:34 of 3rd period - David Vyborny wins face-off versus Scott Hartnell in Predators zone.
1:34 of 3rd period - David Vyborny is hit by Marek Zidlicky.
1:44 of 3rd period - Shot by Alexander Ovechkin.
1:44 of 3rd period - Shot Blocked by Jeff Carter.
2:40 of 3rd period - Minor Penalty to Marek Zidlicky for Slashing.
2:41 of 3rd period - David Vyborny wins face-off versus Vernon Fiddler in Predators zone.
3:38 of 3rd period - Shot by Ryane Clowe.
3:38 of 3rd period - Stopped by Chris Mason with a rebound.
3:40 of 3rd period - Shot by Ryane Clowe.
3:40 of 3rd period - Deflect By Chris Clark.
3:40 of 3rd period - Stopped by Chris Mason without a rebound.
3:41 of 3rd period - Kris Beech wins face-off versus Jeff Carter in Predators zone.
3:44 of 3rd period - Shot by Brian Pothier.
3:44 of 3rd period - Stopped by Chris Mason without a rebound.
3:45 of 3rd period - David Vyborny wins face-off versus Jeff Carter in Predators zone.
4:46 of 3rd period - Shot by Trent Hunter.
4:46 of 3rd period - Stopped by Chris Mason without a rebound.
4:47 of 3rd period - David Legwand wins face-off versus Matt Pettinger in Predators zone.
4:47 of 3rd period - David Legwand is hit by Trent Hunter.
5:15 of 3rd period - Shot by Paul Kariya.
5:15 of 3rd period - Shot Misses the Net.
5:53 of 3rd period - Shot by Matt Cooke.
5:53 of 3rd period - Deflect By Alexander Semin.
5:53 of 3rd period - Stopped by Chris Mason without a rebound.
5:54 of 3rd period - David Vyborny wins face-off versus David Legwand in Predators zone.
6:04 of 3rd period - Zbynek Michalek is hit by Alexander Ovechkin and loses puck.
6:19 of 3rd period - Shot by Alexander Ovechkin.
6:19 of 3rd period - Stopped by Chris Mason without a rebound.
6:20 of 3rd period - Todd Bertuzzi wins face-off versus Trent Hunter in Predators zone.
6:37 of 3rd period - Shot by Trent Hunter.
6:37 of 3rd period - Deflect By Kris Beech.
6:37 of 3rd period - Stopped by Chris Mason without a rebound.
6:38 of 3rd period - David Vyborny wins face-off versus David Legwand in Predators zone.
6:39 of 3rd period - Shot by Matt Pettinger.
6:39 of 3rd period - Stopped by Chris Mason without a rebound.
6:40 of 3rd period - David Legwand wins face-off versus David Vyborny in Predators zone.
6:53 of 3rd period - Shot by Matt Pettinger.
6:53 of 3rd period - Shot Misses the Net.
7:07 of 3rd period - Icing by Tomas Kaberle.
7:08 of 3rd period - Trent Hunter wins face-off versus David Legwand in Predators zone.
8:08 of 3rd period - Off-side.
8:09 of 3rd period - Patrick Sharp wins face-off versus David Vyborny in neutral zone.
8:14 of 3rd period - Shot by Patrick Sharp.
8:14 of 3rd period - Shot Hit the Post.
8:17 of 3rd period - Icing by Shaone Morrisonn.
8:18 of 3rd period - Patrick Sharp wins face-off versus Alexander Ovechkin in Capitals zone.
8:29 of 3rd period - Shot by Vernon Fiddler.
8:29 of 3rd period - Shot Misses the Net.
8:53 of 3rd period - Bryan Muir is hit by Patrick Sharp and loses puck.
10:00 of 3rd period - Shot by Shaone Morrisonn.
10:00 of 3rd period - Shot Hit the Post.
10:46 of 3rd period - Icing by Marek Zidlicky.
10:47 of 3rd period - Kris Beech wins face-off versus Scottie Upshall in Predators zone.
10:50 of 3rd period - Shot by Matt Cooke.
10:50 of 3rd period - Shot Misses the Net.
10:52 of 3rd period - Shot by Matt Cooke.
10:52 of 3rd period - Stopped by Chris Mason without a rebound.
10:53 of 3rd period - Trent Hunter wins face-off versus Patrick Sharp in Predators zone.
11:07 of 3rd period - Icing by Brian Pothier.
11:08 of 3rd period - Trent Hunter wins face-off versus David Legwand in Capitals zone.
11:12 of 3rd period - Trent Hunter is hit by Shea Weber and loses puck.
11:15 of 3rd period - Shot by Kris Beech.
11:15 of 3rd period - Shot Misses the Net.
11:17 of 3rd period - Shot by Kris Beech.
11:17 of 3rd period - Goal by Kris Beech - Predators : 1 - Capitals : 2.
11:18 of 3rd period - Jeff Carter wins face-off versus Trent Hunter in neutral zone.
11:47 of 3rd period - Icing by Ryan Suter.
11:48 of 3rd period - Jeff Carter wins face-off versus Dainius Zubrus in Predators zone.
11:48 of 3rd period - Jeff Carter is hit by Matt Pettinger.
11:49 of 3rd period - Minor Penalty to Matt Pettinger for Holding.
11:50 of 3rd period - Patrick Sharp wins face-off versus Brian Sutherby in Predators zone.
11:50 of 3rd period - Patrick Sharp is hit by Dainius Zubrus.
11:58 of 3rd period - Icing by Derek Morris.
11:59 of 3rd period - Brian Sutherby wins face-off versus Patrick Sharp in Predators zone.
13:06 of 3rd period - Shot by David Legwand.
13:06 of 3rd period - Goal by David Legwand - Predators : 2 - Capitals : 2.
13:07 of 3rd period - Kris Beech wins face-off versus Jeff Carter in neutral zone.
13:21 of 3rd period - Icing by Matt Pettinger.
13:22 of 3rd period - Vernon Fiddler wins face-off versus Kris Beech in Capitals zone.
13:22 of 3rd period - Shea Weber is hit by Kris Beech and loses puck.
14:07 of 3rd period - Shot by Alexander Ovechkin.
14:07 of 3rd period - Stopped by Chris Mason with a rebound.
14:09 of 3rd period - Shot by Chris Clark.
14:09 of 3rd period - Shot Misses the Net.
14:13 of 3rd period - Shot by Alexander Ovechkin.
14:13 of 3rd period - Shot Misses the Net.
14:17 of 3rd period - Shot by Alexander Ovechkin.
14:17 of 3rd period - Goal by Alexander Ovechkin - Predators : 2 - Capitals : 3.
14:18 of 3rd period - Jeff Carter wins face-off versus Trent Hunter in neutral zone.
14:20 of 3rd period - Ryan Suter is hit by Trent Hunter and loses puck.
14:39 of 3rd period - Icing by Adrian Aucoin.
14:40 of 3rd period - Patrick Sharp wins face-off versus Brian Sutherby in Capitals zone.
14:47 of 3rd period - Shot by Patrick Sharp.
14:47 of 3rd period - Shot Misses the Net.
15:12 of 3rd period - Minor Penalty to Brad Boyes for High sticking.
15:13 of 3rd period - David Vyborny wins face-off versus Jeff Carter in Predators zone.
16:02 of 3rd period - Shot by David Vyborny.
16:02 of 3rd period - Stopped by Chris Mason without a rebound.
16:03 of 3rd period - Vernon Fiddler wins face-off versus Chris Clark in Predators zone.
16:13 of 3rd period - David Vyborny is hit by Shea Weber and loses puck.
16:23 of 3rd period - David Vyborny is hit by Shea Weber and loses puck.
17:13 of 3rd period - Icing by Tomas Kaberle.
17:14 of 3rd period - Jeff Carter wins face-off versus Dainius Zubrus in Predators zone.
17:29 of 3rd period - Shot by Jeff Carter.
17:29 of 3rd period - Shot Misses the Net.
19:03 of 3rd period - Predators, Chris Mason is pulled from the net.
19:03 of 3rd period - Shot by David Legwand.
19:03 of 3rd period - Shot Misses the Net.
19:05 of 3rd period - Shot by Scott Hartnell.
19:05 of 3rd period - Stopped by Olaf Kolzig with a rebound.
19:07 of 3rd period - Shot by David Legwand.
19:07 of 3rd period - Shot Misses the Net.
19:09 of 3rd period - Shot by Shea Weber.
19:09 of 3rd period - Shot Misses the Net.
19:13 of 3rd period - Shot by Paul Kariya.
19:13 of 3rd period - Stopped by Olaf Kolzig with a rebound.
19:17 of 3rd period - Shot by Paul Kariya.
19:17 of 3rd period - Stopped by Olaf Kolzig without a rebound.
19:18 of 3rd period - Brian Sutherby wins face-off versus Jeff Carter in Capitals zone.
19:58 of 3rd period - Icing by Adrian Aucoin.
19:59 of 3rd period - Vernon Fiddler wins face-off versus Brian Sutherby in Capitals zone.


Output by the SimonT Hockey Simulator (STHS) for Stephane Roy -- Original Page W3C XHTML 1.0 Valid